 Dungeon Crawl Stone Soup version 0.29.1-2-gbd0b4ee654 (webtiles) character file.

Game seed: 10112059016279635790

2458 witty the Thaumaturge (level 9, -5/59 HPs)
             Began as an Octopode Hedge Wizard on Oct 31, 2022.
             Killed from afar by an orc wizard (7 damage)
             ... with a magic dart
             ... on level 7 of the Dungeon.
             The game lasted 00:54:07 (13619 turns).

witty the Thaumaturge (Octopode Hedge Wizard)      Turns: 13619, Time: 00:54:08

Health: -5/59      AC:  1    Str:  9    XL:     9   Next: 50%
Magic:  14/30      EV: 13    Int: 26    God:
Gold:   346        SH:  0    Dex: 12    Spells: 12/24 levels left

rFire   . . .      SeeInvis .   a - +0 dagger
rCold   . . .      Faith    .   (no shield)
rNeg    . . .      Spirit   .   b - +0 hat
rPois   .          Reflect  .   (no amulet)
rElec   .          Harm     .   v - ring of magical power
rCorr   .          Rampage  .   B - +6 ring of intelligence
Will    .....                   (no ring)
Stlth   +++.......              (no ring)
HPRegen 0.19/turn               (no ring)
MPRegen 0.22/turn               (no ring)
                                (no ring)
                                (no ring)

@: on blink cooldown, invisible
A: almost no armour, amphibious, 8 rings, camouflage 1, gelatinous body 1,
(nimble swimmer 1), tentacles
a: no special abilities


You were on level 7 of the Dungeon.
You visited 2 branches of the dungeon, and saw 8 of its levels.

You collected 346 gold pieces.

Inventory:

Hand Weapons
 a - a +0 dagger (weapon)
Missiles
 i - 18 boomerangs
 o - 66 stones
 t - 14 poisoned darts
Armour
 b - a +0 hat (worn)
Jewellery
 v - a ring of magical power (left tentacle)
 B - a +6 ring of intelligence (right tentacle)
 C - an amulet of faith
Wands
 k - a wand of paralysis (3)
 r - a wand of polymorph (1)
 D - a wand of roots (14)
Scrolls
 d - a scroll of enchant weapon {unknown}
 f - 2 scrolls of noise {unknown}
 j - 2 scrolls of amnesia
 n - 3 scrolls of vulnerability {unknown}
 p - 2 scrolls of magic mapping {unknown}
 q - 3 scrolls of fog {unknown}
 u - a scroll of torment {unknown}
 w - a scroll of enchant armour {unknown}
 x - 4 scrolls of silence
 y - a scroll of teleportation {unknown}
 z - 2 scrolls of identify
Potions
 c - 4 potions of magic
 g - a potion of cancellation {unknown}
 h - 3 potions of mutation
 l - a potion of might {unknown}
 m - 2 potions of haste
 s - a potion of attraction {unknown}
 A - a potion of brilliance {unknown}
 E - a potion of lignification {unknown}


   Skills:
 + Level 4.5 Fighting
 - Level 2.0 Dodging
 - Level 2.6 Stealth
 * Level 8.2 Spellcasting
 - Level 5.7 Conjurations
 - Level 1.0 Summonings
 - Level 1.0 Translocations
 - Level 3.0 Air Magic
 - Level 3.0 Poison Magic
 + Level 3.5 Evocations


You had 12 spell levels left.
You knew the following spells:

 Your Spells              Type           Power      Damage    Failure   Level
a - Magic Dart            Conj           100%       1d8       1%          1
b - Blink                 Tloc           32%        N/A       5%          2
c - Mephitic Cloud        Conj/Pois/Air  31%        N/A       3%          3
d - Slow                  Hex            40%        N/A       5%          1
e - Call Imp              Summ           16%        N/A       5%          2
f - Conjure Flame         Conj/Fire      25%        6-21      4%          3

Your spell library contained the following spells:

 Spells                   Type           Power      Damage    Failure   Level
 Dazzling Flash           Conj/Hex       50%        N/A       4%          3
 Lesser Beckoning         Tloc           16%        N/A       11%         3
 Silence                  Hex/Air        9%         N/A       63%         5
 Manifold Assault         Tloc           16%        N/A       71%         5
 Agony                    Necr           10%        N/A       83%         5


Dungeon Overview and Level Annotations

Branches:
Dungeon (7/15)             Temple (1/1) D:6

Altars:
Ashenzari
Cheibriados
Elyvilon
Fedhas
Gozag
Hepliaklqana
Kikubaaqudgha
Makhleb
Nemelex Xobeh
Okawaru
Sif Muna
Trog
Uskayaw
Vehumet
Wu Jian
The Shining One

Shops:
D:5 (

Annotations:
D:4 exclusion: downstairs


Innate Abilities, Weirdness & Mutations

You cannot wear most types of armour.
You are amphibious.
You can wear up to eight rings at the same time.
Your skin changes colour to match your surroundings (Stealth+).
Your rubbery body absorbs attacks. (AC +1, EV +1)
((You are camouflaged when in or above water. (Stealth+)))
You have tentacles for arms and can constrict up to eight enemies at once.


Message History

* * * LOW HITPOINT WARNING * * *
Casting: Magic Dart (safe; 1% risk of failure)
Confirm with . or Enter, or press ? or * to list all spells.
You blink.
Casting: Blink (safe; 5% risk of failure)
Confirm with . or Enter, or press ? or * to list all spells.
Aiming: Magic Dart (safe; 1% risk of failure)
Press: ? - help, Shift-Dir - straight line The magic dart hits something.
Casting: Magic Dart (safe; 1% risk of failure)
Confirm with . or Enter, or press ? or * to list all spells.
Aiming: Magic Dart (safe; 1% risk of failure)
Press: ? - help, Shift-Dir - straight line The magic dart hits something.
Casting: Magic Dart (safe; 1% risk of failure)
Confirm with . or Enter, or press ? or * to list all spells.
Aiming: Magic Dart (safe; 1% risk of failure)
Press: ? - help, Shift-Dir - straight line The magic dart hits something.
Casting: Magic Dart (safe; 1% risk of failure)
Confirm with . or Enter, or press ? or * to list all spells.
Aiming: Magic Dart (safe; 1% risk of failure)
Press: ? - help, Shift-Dir - straight line You feel stable enough to blink again.
Something hits you but does no damage.
Casting: Magic Dart (safe; 1% risk of failure)
Confirm with . or Enter, or press ? or * to list all spells.
You blink.
You hear some strange, mumbled words.
A magic dart appears from out of thin air!
The magic dart hits you!
* * * LOW HITPOINT WARNING * * *
You fade into invisibility!
Something hits you.
* * * LOW HITPOINT WARNING * * *
Something burns you.
* * * LOW HITPOINT WARNING * * *
A magic dart appears from out of thin air!
The magic dart hits you!
You die...

..........[.......###...
#####.........)....##...
####.##..).!...##...
#################.###)###(..##...
................#.###)# ........
##############.##.#.[.# ...#####
#.##.#)### . #########.##.#.#
#..#.......@.#.#
#..######....#.####
#..#.....{........#
#..#..#.#....)....#
#..##.#...........#
#.....#.#.........######
####.#####.######.........#
#........#.# #.........#
#.....##.#.# #.........#####


There were no monsters in sight!

Vanquished Creatures
  Menkaure (D:7)
  2 water moccasins
  An ice beast (D:6)
  4 sky beasts
  2 ogres (D:6)
  3 phantoms
  Blork the orc (D:5)
  A bullfrog (D:7)
  A gnoll sergeant (D:7)
  2 scorpions
  3 necrophages
  A wight (D:6)
  2 orc priests
  2 hounds
  3 iguanas
  4 orc wizards
  10 gnolls
  7 adders
  A shadow imp (D:7)
  A white imp (D:6)
  2 ufetubi (D:5)
  A worm (D:3)
  11 dart slugs
  21 orcs
  10 bats
  7 endoplasms
  6 giant cockroaches
  12 goblins
  13 hobgoblins
  4 jackals (D:1)
  7 quokkas
  6 ball pythons
  14 kobolds
  4 rats (D:1)
170 creatures vanquished.

Vanquished Creatures (collateral kills)
  A scorpion (D:5)
1 creature vanquished.

Vanquished Creatures (others)
  A plant (D:6)
1 creature vanquished.

Grand Total: 172 creatures vanquished

Notes
Turn   | Place    | Note
-------+----------+-------------------------------------------
     0 | D:1      | witty the Octopode Hedge Wizard began the quest for the
                  | Orb.
     0 | D:1      | Reached XP level 1. HP: 11/11 MP: 4/4
     0 | D:1      | Noticed a felid
     0 | D:1      | Noticed a formicid
     1 | D:1      | Noticed a formicid
     2 | D:1      | Noticed a naga
     4 | D:1      | Noticed a vampire
     4 | D:1      | Noticed an octopode
     7 | D:1      | Noticed a felid
     8 | D:1      | Noticed an elf
     9 | D:1      | Noticed an ogre
    11 | D:1      | Noticed a dwarf
    13 | D:1      | Noticed a minotaur
    17 | D:1      | Noticed a minotaur
    17 | D:1      | Noticed a human
    19 | D:1      | Noticed a felid
    19 | D:1      | Noticed a naga
    21 | D:1      | Noticed a vine stalker
   325 | D:1      | Reached XP level 2. HP: 17/17 MP: 3/6
  1025 | D:1      | Reached XP level 3. HP: 18/21 MP: 4/7
  1097 | D:1      | Found a faded altar of an unknown god.
  2018 | D:2      | Learned a level 2 spell: Blink
  2026 | D:2      | Learned a level 3 spell: Mephitic Cloud
  2028 | D:2      | Learned a level 1 spell: Slow
  2031 | D:2      | Learned a level 2 spell: Call Imp
  2646 | D:2      | Reached XP level 4. HP: 25/27 MP: 1/9
  3510 | D:3      | Found a sparkling altar of Nemelex Xobeh.
  3700 | D:3      | Reached skill level 4 in Spellcasting
  4006 | D:3      | Found an ancient bone altar of Kikubaaqudgha.
  4160 | D:3      | Found a snail-covered altar of Cheibriados.
  5102 | D:4      | Noticed a necrophage
  5153 | D:4      | Reached skill level 1 in Poison Magic
  5153 | D:4      | Reached XP level 5. HP: 31/31 MP: 3/11
  5162 | D:4      | Reached skill level 1 in Air Magic
  5334 | D:4      | Identified the +1 leather armour of Protective Custody
                  | {Int+5}
  5932 | D:4      | Reached XP level 6. HP: 30/36 MP: 1/12
  6122 | D:5      | Entered Level 5 of the Dungeon
  6500 | D:5      | Found Isyrph's Antique Weapon Shop.
  6693 | D:5      | Reached XP level 7. HP: 32/41 MP: 7/14
  6931 | D:5      | Noticed Blork the orc
  6978 | D:5      | Killed Blork the orc
  7087 | D:5      | Found an iron altar of Okawaru.
  7317 | D:5      | Found a broken altar of Ashenzari.
  7493 | D:4      | Learned a level 3 spell: Conjure Flame
  7582 | D:5      | Reached skill level 5 in Spellcasting
  7666 | D:5      | Reached skill level 5 in Conjurations
  7893 | D:5      | HP: 2/41 [ufetubus (4)]
  7911 | D:5      | HP: 1/41 [ufetubus (3)]
  8329 | D:5      | Found a shimmering blue altar of Sif Muna.
  8973 | D:5      | Reached skill level 1 in Fighting
  8973 | D:5      | Reached XP level 8. HP: 30/48 MP: 5/16
  9639 | D:6      | Reached skill level 6 in Spellcasting
  9872 | D:6      | Found a staircase to the Ecumenical Temple.
  9881 | Temple   | Entered the Ecumenical Temple
 11168 | D:6      | Reached skill level 7 in Spellcasting
 11375 | D:6      | Found a blossoming altar of Fedhas.
 11421 | D:6      | Reached skill level 1 in Evocations
 12127 | D:6      | Reached XP level 9. HP: 40/58 MP: 17/20
 12324 | D:7      | Noticed Menkaure
 12944 | D:7      | Killed Menkaure
 12945 | D:7      | Reached skill level 8 in Spellcasting
 13618 | D:7      | HP: 2/59 [something (1)]
 13619 | D:7      | Killed from afar by an orc wizard

Illustrated notes

Levels and vault maps discovered:
D:1:      shiori_arrival_whats_in_store_for_you, layout_loops_corners,
          shapermc_ecumenical_altar_hornbeckon
D:2:      layout_loops_corners
D:3:      layout_basic, mainiacjoe_overflow_surrounded_room,
          nemelex_dance_club_becter, lemuel_coloured_pillars_altar
D:4:      layout_loops_ring, moated_statue
D:5:      kennysheep_slugbush, layout_basic, mainiacjoe_overflow_alcove_2,
          mainiacjoe_overflow_alcove_1, lemuel_round_altar, serial_shops, shop,
          chequers_serial_rivers_small_3, uniq_blork_the_orc
D:6:      corexii_shantytown, layout_basic, marbit_many_paths,
          minmay_temple_entry_glassed_door
D:7:      layout_basic, st_stairs_1, uniq_menkaure
Temple:   dpeg_three_leaves_temple

Skill      XL: |  1  2  3  4  5  6  7  8  9 |
---------------+----------------------------+-----
Conjurations   | 2 3 4 5 |  5.7
Spellcasting   | 4 5 7 8 |  8.2
Poison Magic   | 1 2 3 |  3.0
Air Magic      | 1 2 3 |  3.0
Fighting       | 1 3 4 |  4.5
Evocations     | 2 3 |  3.5
Dodging        | |  2.0
Stealth        | |  2.6
Summonings     | |  1.0
Translocations | |  1.0

Action                   |  1- 3 |  4- 6 |  7- 9 || total
-------------------------+-------+-------+-------++-------
Melee: Dagger            |     3 |    23 |    80 ||   106
       Constrict         |     1 |     7 |    19 ||    27
       Tentacles         |     1 |     4 |    17 ||    22
       Punch             |       |     1 |     2 ||     3
 Cast: Magic Dart        |   119 |   158 |   334 ||   611
       Mephitic Cloud    |       |     4 |    13 ||    17
       Call Imp          |       |     6 |     5 ||    11
       Blink             |       |       |    19 ||    19
       Conjure Flame     |       |       |    10 ||    10
       Slow              |       |       |     3 ||     3
Evoke: Wand              |       |       |     5 ||     5
  Use: Scroll            |       |     4 |     4 ||     8
       Potion            |       |       |     5 ||     5
 Stab: Confused          |       |     1 |     3 ||     4
       Distracted        |       |     1 |       ||     1
       Paralysed         |       |       |     9 ||     9
Armor: Skin              |     4 |     3 |    10 ||    17
Dodge: Dodged            |    31 |    21 |   144 ||   196
